 Dungeon Crawl Stone Soup version 0.30-a0-23-ge60ba3568b (webtiles) character file.

Game seed: 13196512470051578956

5181 rubashov the Nimble (level 10, -3/114 HPs)
             Began as a Djinni Fire Elementalist on Aug 24, 2022.
             Was an Elder of Okawaru.
             Slain by a centaur warrior
             ... wielding the +4 mace of the Inviting Gods {holy, *Noise Str+8 Dex+3}
              (19 damage)
             ... on level 7 of the Dungeon.
             The game lasted 00:31:42 (12038 turns).

rubashov the Nimble (Djinni Fire Elementalist)     Turns: 12038, Time: 00:31:42

Health: -3/114     AC:  3    Str: 14    XL:     10   Next: 90%
Gold:   208        EV: 20    Int: 17    God:    Okawaru [****..] SH:  6 Dex: 17

rFire   + + .      SeeInvis .    b - +5 hand axe (flame)
rCold   x . .      Faith    .    u - +0 buckler
rNeg    . . .      Spirit   .    a - +0 robe
rPois   ∞          Reflect  .    p - +0 helmet of the Turtle {Str+3}
rElec   .          Harm     .    (no cloak)
rCorr   .          Rampage  .    (no gloves)
Will    +....                    (boots unavailable)
Stlth   ..........               (no amulet)
HPRegen 0.29/turn                l - ring "Ovojolum" {EV+4 Dex+3}
MPRegen 0.00/turn                (no ring)

@: berserking, flying, very quick
A: sickness immunity, fire resistance 2, cold vulnerability 1, float, innate
caster, HP casting, extra vitality 1
a: Renounce Religion, Heroism, Finesse


You were on level 7 of the Dungeon.
You worshipped Okawaru.
Okawaru was greatly pleased with you.
You visited 2 branches of the dungeon, and saw 9 of its levels.

You collected 530 gold pieces.
You spent 322 gold pieces at shops.

Inventory:

Hand Weapons
 b - a +5 hand axe of flaming (weapon)
 s - the +4 mace of Fragile Peace {spect, rPois Will- Stlth+}
   (You bought it in a shop on level 6 of the Dungeon)

   When its wielder attacks, the weapon's spirit leaps out and strikes again.
   The spirit shares a part of any damage it takes with its wielder.
   rPois:     It protects you from poison.
   Will:      It decreases your willpower.
   Stlth:     It makes you more stealthy.
Missiles
 c - 57 stones
 f - 18 poisoned darts
 t - a throwing net
 v - a curare-tipped dart
Armour
 a - a +0 robe (worn)
 d - a +0 kite shield
 p - the +0 helmet of the Turtle (worn) {Str+3}
   (You found it on level 4 of the Dungeon)

   Str:       It affects your strength (+3).
 u - a +0 buckler (worn)
Jewellery
 l - the ring "Ovojolum" (left hand) {EV+4 Dex+3}
   (You found it on level 2 of the Dungeon)

   [ring of evasion]

   EV:        It affects your evasion (+4).
   Dex:       It affects your dexterity (+3).
Wands
 m - a wand of acid (10)
 w - a wand of polymorph (6)
Scrolls
 g - 7 scrolls of teleportation
 n - a scroll of blinking
Potions
 h - 6 potions of curing
 i - 3 potions of cancellation
 j - a potion of berserk rage
 k - a potion of brilliance
 o - a potion of magic {unknown}
 q - a potion of experience {unknown}
 r - a potion of might


   Skills:
 - Level 8.0 Fighting
 * Level 2.7 Armour
 - Level 8.0 Dodging
 - Level 1.5 Stealth
 - Level 5.0 Shields
 - Level 6.0 Spellcasting
 - Level 6.0 Invocations


You couldn't memorise any spells.
You knew the following spells:

 Your Spells              Type           Power      Damage    Failure   Level
a - Foxfire               Conj/Fire      100%       2x1d9     1%          1
b - Scorch                Fire           50%        2d8       1%          2
c - Conjure Flame         Conj/Fire      25%        6-21      4%          3
d - Inner Flame           Hex/Fire       25%        N/A       4%          3
e - Flame Wave            Conj/Fire      25%        2d8       14%         4
f - Shock                 Conj/Air       100%       1d9       1%          1
g - Searing Ray           Conj           50%        2d6       1%          2
h - Dazzling Flash        Conj/Hex       50%        N/A       4%          3
i - Animate Armour        Summ/Erth      50%        N/A       14%         4
Your spell library was empty.

Dungeon Overview and Level Annotations

Branches:
Dungeon (8/15)             Temple (1/1) D:5
   Lair: D:8-11

Altars:
Ashenzari
Cheibriados
Dithmenos
Elyvilon
Fedhas
Gozag
Makhleb
Nemelex Xobeh
Okawaru
Qazlal
Ru
Trog
Uskayaw
Wu Jian
Xom
Zin
The Shining One

Shops:
D:6 **

Annotations:
D:3 exclusion: oklob plant


Innate Abilities, Weirdness & Mutations

You are immune to sickness and miasma.
You are immune to poison.
Your flesh is very heat resistant. (rF++)
You are vulnerable to cold. (rC-)
You float through the air rather than walking.
You learn spells naturally, not from books.
Your magical power is your life essence.
You have superior vitality. (+4 MHP)


Message History

It softly glows with a divine radiance!
The centaur warrior closely misses you. The centaur warrior kicks you.
The centaur warrior misses you. The centaur warrior kicks you.
Casting: Scorch (safe; 1% risk of failure)
Confirm with . or Enter, or press ? or * to list all spells.
Flames lash the centaur warrior.
The centaur warrior is burned terribly!
The centaur warrior is moderately wounded.
The centaur warrior misses you. The centaur warrior kicks you.
The centaur warrior hits you with the +4 mace of the Inviting Gods {holy, *Noise Str+8 Dex+3}.
The centaur warrior closely misses you.
The centaur warrior shoots an arrow.
The arrow closely misses you.
The centaur warrior hits you with the +4 mace of the Inviting Gods {holy, *Noise Str+8 Dex+3}!!
The centaur warrior kicks you.
You fly upwards.
There is a stone staircase leading down here.
Casting: Scorch (safe; 1% risk of failure)
Confirm with . or Enter, or press ? or * to list all spells.
Flames lash the centaur warrior.
The centaur warrior is burned terribly!
The centaur warrior is heavily wounded.
The centaur warrior hits you with the +4 mace of the Inviting Gods {holy, *Noise Str+8 Dex+3}!!
* * * LOW HITPOINT WARNING * * *
The centaur warrior misses you.
You feel much better.
The centaur warrior closely misses you. x2
The centaur warrior hits you with the +4 mace of the Inviting Gods {holy, *Noise Str+8 Dex+3}!
The centaur warrior kicks you.
A red film seems to cover your vision as you go berserk!
You feel yourself moving faster!
You feel mighty!
The centaur warrior hits you with the +4 mace of the Inviting Gods {holy, *Noise Str+8 Dex+3}!
* * * LOW HITPOINT WARNING * * *
The centaur warrior barely misses you.
You slash the centaur warrior! You burn the centaur warrior.
The centaur warrior is severely wounded.
The centaur warrior hits you with the +4 mace of the Inviting Gods {holy, *Noise Str+8 Dex+3}!
* * * LOW HITPOINT WARNING * * *
The centaur warrior kicks you.
* * * LOW HITPOINT WARNING * * *
You slash the centaur warrior! You burn the centaur warrior.
The centaur warrior is almost dead.
The centaur warrior hits you with the +4 mace of the Inviting Gods {holy, *Noise Str+8 Dex+3}!!
You die...

#####.## #.....##.####..._...#
###.##?..####......#..##.........
##......PPP#..............)......
##................)..#..##.....##
.#....P...P............###..#..##
.##.[.P...P.........##.##..###..#
......PPPPP.........##.....###...
##..#..........c........##..#..#.
.#..##.#........@..#.....#.....#.
###.####....#.#....#.#.......#...
##..## ##............##...##.###.
##..# #...........#......#..###.
###.#####..#......###....:#...#..
.......##...........#............
.###..##...###..#..............##
## #......## ##.#.....>.........#
###...######..................


You could see a centaur warrior (combustible).

Vanquished Creatures
  Grinder (D:5)
  2 hornets
  Prince Ribbit (D:7)
  Sigmund (D:6)
  A wraith (D:6)
  A shadow (D:5)
  2 wyverns
  A steam dragon (D:7)
  3 water moccasins
  A black bear (D:5)
  3 ice beasts
  A sky beast (D:7)
  3 ogres (D:5)
  A centaur (D:7)
  A phantom (D:5)
  A kobold brigand (D:8)
  6 bullfrogs
  A gnoll sergeant (D:6)
  6 scorpions
  A wight (D:8)
  8 killer bees
  4 howler monkeys
  A vampire bat (D:7)
  4 hounds
  5 jellies
  2 orc priests
  Terence (D:2)
  3 iguanas
  3 orc wizards
  12 gnolls
  9 adders
  A shadow imp (D:5)
  5 white imps
  An ufetubus (D:6)
  4 worms (D:2)
  3 dart slugs
  19 orcs
  7 ball pythons
  11 endoplasms
  8 giant cockroaches
  10 goblins
  7 hobgoblins
  4 jackals (D:3)
  2 quokkas
  12 bats
  2 frilled lizards (D:3)
  5 kobolds
  4 rats
195 creatures vanquished.

Vanquished Creatures (others)
  A white imp (D:8)
  52 foxfires
  26 plants (D:3)
  4 toadstools (D:7)
83 creatures vanquished.

Grand Total: 278 creatures vanquished

Notes
Turn   | Place    | Note
-------+----------+-------------------------------------------
     0 | D:1      | rubashov the Djinni Fire Elementalist began the quest for
                  | the Orb.
     0 | D:1      | rubashov set off with the following spells memorised:
                  | Foxfire, Scorch, Conjure Flame, Inner Flame, Flame Wave.
     0 | D:1      | Reached XP level 1. HP: 15/15 MP: 0/0
   318 | D:1      | Reached XP level 2. HP: 20/21 MP: 0/0
   958 | D:1      | Reached XP level 3. HP: 24/26 MP: 0/0
   958 | D:1      | Learned a level 1 spell: Shock
  1352 | D:2      | Noticed Terence
  1403 | D:2      | Killed Terence
  1404 | D:2      | Reached XP level 4. HP: 12/31 MP: 0/0
  2000 | D:2      | Found a blossoming altar of Fedhas.
  2010 | D:2      | Reached skill level 1 in Fighting
  2383 | D:2      | Identified the ring "Ovojolum" {EV+4 Dex+3}
  2508 | D:3      | Found a faded altar of an unknown god.
  2715 | D:3      | Reached XP level 5. HP: 33/37 MP: 0/0
  2715 | D:3      | Learned a level 2 spell: Searing Ray
  3310 | D:3      | Found a blossoming altar of Fedhas.
  3329 | D:3      | Noticed an oklob plant
  3750 | D:4      | Identified the +0 helmet of the Turtle {Str+3}
  4025 | D:4      | Reached XP level 6. HP: 35/42 MP: 0/0
  4700 | D:5      | Entered Level 5 of the Dungeon
  4733 | D:5      | Found a staircase to the Ecumenical Temple.
  4747 | Temple   | Entered the Ecumenical Temple
  4898 | Temple   | Became a worshipper of Warmaster Okawaru
  4980 | D:5      | Reached skill level 5 in Spellcasting
  4980 | D:5      | Reached XP level 7. HP: 40/48 MP: 0/0
  4980 | D:5      | Learned a level 3 spell: Dazzling Flash
  5747 | D:5      | Noticed Grinder
  5752 | D:5      | Paralysed by Grinder for 2 turns
  5760 | D:5      | Killed Grinder
  5760 | D:5      | Reached * piety under Okawaru
  5761 | D:5      | Reached skill level 5 in Dodging
  5761 | D:5      | Reached XP level 8. HP: 35/58 MP: 0/0
  5963 | D:5      | Found a sacrificial altar of Ru.
  6111 | D:5      | Reached skill level 5 in Fighting
  6589 | D:5      | Noticed a shadow
  6594 | D:5      | Reached ** piety under Okawaru
  6597 | D:5      | Killed a shadow
  6598 | D:5      | Reached XP level 9. HP: 66/66 MP: 0/0
  6598 | D:5      | Learned a level 4 spell: Animate Armour
  7549 | D:6      | Reached *** piety under Okawaru
  7672 | D:6      | Found Nixkemel's Assorted Antiques.
  7678 | D:6      | Bought a scroll of teleportation for 57 gold pieces
  7678 | D:6      | Bought a scroll labelled MOMU LAKKEL for 19 gold pieces
  7783 | D:6      | Found Bileonuto's Assorted Antiques.
  7788 | D:6      | Bought a cyan potion for 18 gold pieces
  7788 | D:6      | Bought an encrusted mace for 168 gold pieces
  7788 | D:6      | Identified the +4 mace of Fragile Peace {spect, rPois Will-
                  | Stlth+} (You bought it in a shop on level 6 of the Dungeon)
  7788 | D:6      | Bought a scroll of identify for 42 gold pieces
  7788 | D:6      | Bought a brown potion for 18 gold pieces
  8512 | D:6      | Noticed Sigmund
  8521 | D:6      | Killed Sigmund
  8771 | D:7      | Found a shadowy altar of Dithmenos.
  8815 | D:7      | Noticed Prince Ribbit
  8833 | D:7      | Killed Prince Ribbit
  8834 | D:7      | Reached XP level 10. HP: 66/76 MP: 0/0
  9506 | D:7      | Received a gift from Okawaru
  9507 | D:7      | Reached skill level 5 in Invocations
  9857 | D:7      | Reached **** piety under Okawaru
  9858 | D:7      | Reached skill level 1 in Shields
 10175 | D:8      | Noticed a centaur warrior
 10526 | D:7      | HP: 2/76 [wyvern (4)]
 10891 | D:8      | Reached skill level 5 in Shields
 10891 | D:8      | Reached skill level 1 in Armour
 11089 | D:8      | Identified the +4 mace of the Inviting Gods {holy, *Noise
                  | Str+8 Dex+3}
 11089 | D:8      | Noticed a centaur warrior
 11104 | D:8      | Noticed a deep elf pyromancer
 12038 | D:7      | Slain by a centaur warrior

Illustrated notes

Levels and vault maps discovered:
D:1:      dpeg_arrival_triangle_fractal, layout_basic, minmay_misc_feat_square
D:2:      layout_loops_cross, basic_altar, uniq_terence
D:3:      minmay_recursive_quarters, layout_rooms, tgw_fedhas,
          shapermc_ecumenical_altar_rom_forum, serial_bayou_lagoon_a,
          minmay_goblin_outpost
D:4:      layout_basic, minivault_4
D:5:      kennysheep_windowed_halls, layout_gridville,
          nicolae_overflow_two_pavilions, minmay_temple_entry_offerings,
          uniq_grinder
D:6:      layout_cave_pods, serial_shops, nicolae_square_shop,
          nicolae_shop_hallway_plus, uniq_sigmund
D:7:      layout_cave_pools, nicolae_dithmenos_shadow_blocks,
          minmay_gold_behind_fungi, roderic_batcave, due_unseen_surprise,
          uniq_prince_ribbit1
D:8:      layout_rooms, mainiacjoe_overflow_two_lobes, minmay_pinched_square
Temple:   regret_index_temple_sphere_string

Skill      XL: |  1  2  3  4  5  6  7  8  9 10 |
---------------+-------------------------------+-----
Spellcasting   | 3 4 5 6 |  6.0
Fighting       | 1 4 6 8 |  8.0
Dodging        | 3 5 6 8 |  8.0
Invocations    | 2 6 |  6.0
Shields        | 5 |  5.0
Armour         | 2 |  2.7
Stealth        | |  1.5

Action                   |  1- 3 |  4- 6 |  7- 9 | 10-12 || total
-------------------------+-------+-------+-------+-------++-------
Melee: Trident           |     5 |       |       |       ||     5
       Hand axe          |       |    72 |    15 |     9 ||    96
 Cast: Foxfire           |    15 |       |     4 |    10 ||    29
       Scorch            |    15 |    46 |   143 |    91 ||   295
       Conjure Flame     |     1 |     7 |     8 |     4 ||    20
       Flame Wave        |       |       |     2 |     3 ||     5
Evoke: Wand              |       |       |       |     3 ||     3
  Use: Scroll            |     4 |     6 |     6 |     3 ||    19
       Potion            |       |       |     3 |     3 ||     6
 Stab: Sleeping          |     1 |     9 |     1 |       ||    11
Armor: Robe              |     5 |    10 |     2 |     4 ||    21
       Skin              |       |       |     5 |       ||     5
Dodge: Dodged            |     5 |    43 |    45 |    88 ||   181
Block: Buckler           |       |       |       |     3 ||     3

Table legend: (Time is in decaauts)
 A = Elapsed time spent in this place.
 B = Non-inter-level travel time spent in this place.
 C = Inter-level travel time spent in this place.
 D = Time resting spent in this place.
 E = Time spent auto-exploring this place.
 F = Levels seen in this place.
 G = Mean time per level.
                   A        B        C        D        E       F      G
               +--------+--------+--------+--------+--------+-----+--------+
         Total |  12069 |  11614 |    455 |   4850 |   5044 |   9 | 1341.0 |
       Dungeon |  11901 |  11470 |    431 |   4850 |   4913 |   8 | 1487.6 |
        Temple |    167 |    143 |     24 |      0 |    131 |   1 |  167.0 |
               +--------+--------+--------+--------+--------+-----+--------+

Top non-repeatable levels by time:
     D:7: 3174 daAuts
     D:5: 2391 daAuts
     D:6: 1459 daAuts
     D:1: 1344 daAuts
     D:3: 1284 daAuts
     D:2: 1128 daAuts
     D:4: 962 daAuts
  Temple: 167 daAuts
     D:8: 155 daAuts
